 Dungeon Crawl Stone Soup version 0.24-a0-264-gf46a388 (webtiles) character file.

Game seed: 15634856156120254202

693 mhoghedin the Archer (level 7, -1/60 HPs)
             Began as a Centaur Hunter on Apr 19, 2019.
             Was a Follower of Nemelex Xobeh.
             Slain by a raiju (7 damage)
             ... on level 1 of the Abyss.
             The game lasted 00:12:06 (5968 turns).

mhoghedin the Archer (Centaur Hunter)               Turns: 5968, Time: 00:12:07

Health: -1/60      AC:  6    Str: 15    XL:     7   Next: 37%
Magic:  9/9        EV:  9    Int: 10    God:    Nemelex Xobeh [*.....]
Gold:   283        SH:  0    Dex: 11    Spells: 6/6 levels left

rFire    x . .     SeeInvis .   a - +2 shortbow
rCold    + . .     Gourm    +   (shield currently unavailable)
rNeg     . . .     Faith    .   c - +0 leather armour
rPois    .         Spirit   .   q - +1 helmet
rElec    .         Reflect  .   (no cloak)
rCorr    .         Harm     .   (no gloves)
MR       +....                  (no barding)
Stlth    +.........             s - amulet of the gourmand {Gourm, !d}
HPRegen  0.20/turn              t - ring of protection from magic {MR+, !d}
MPRegen  0.11/turn              p - ring of ice {rC+, rF-}

@: about to teleport, very quick
A: large, hooves 3, deformed body, speed 2, tough skin 3
a: Draw Escape, Draw Destruction, Draw Summoning, Renounce Religion


You were on level 1 of the Abyss.
You worshipped Nemelex Xobeh.
Nemelex Xobeh was aware of your devotion.
You were not hungry.

You visited 1 branch of the dungeon, and saw 5 of its levels.
You visited the Abyss 1 time.

You collected 283 gold pieces.

Inventory:

Hand Weapons
 a - a +2 shortbow (weapon)
 b - a +0 short sword
Missiles
 d - 37 arrows (quivered)
Armour
 c - a +0 leather armour (worn)
 q - a +1 helmet (worn)
   (You found it on level 2 of the Dungeon)
Jewellery
 h - an uncursed ring of stealth {Stlth+}
   (You found it on level 3 of the Dungeon)
 m - an uncursed ring of wizardry {Wiz+, !d}
   (You found it on level 1 of the Dungeon)
 p - a ring of ice (right hand) {rC+, rF-}
   (You found it on level 3 of the Dungeon)
 r - an uncursed ring of positive energy {rN+}
   (You found it on level 3 of the Dungeon)
 s - an amulet of the gourmand (around neck) {Gourm, !d}
   (You found it on level 3 of the Dungeon)
 t - a ring of protection from magic (left hand) {MR+, !d}
   (You found it on level 4 of the Dungeon)
 x - a +2 ring of protection
   (You found it on level 4 of the Dungeon)
Wands
 v - a wand of acid (8)
   (You found it on level 1 of the Abyss)
Scrolls
 i - 2 scrolls of teleportation
 j - 3 scrolls of magic mapping {!r}
 l - a scroll of amnesia
 n - 3 scrolls of fear
 u - a scroll of blinking {unknown}
Potions
 e - 2 potions of agility
 g - 5 potions of curing
 k - 2 potions of mutation {!q}
 o - a potion of magic
Comestibles
 f - 8 rations


   Skills:
 - Level 4.8 Fighting
 + Level 9.2 Bows
 - Level 1.3 Dodging
 - Level 0.4 Stealth
 + Level 3.6 Invocations


You had 6 spell levels left.
You didn't know any spells.
Your spell library was empty.

Dungeon Overview and Level Annotations

Branches:
Dungeon (5/15)             Temple (0/1) D:5

Altars:
Fedhas
Nemelex Xobeh
Qazlal
Sif Muna
Uskayaw
Vehumet
Yredelemnul

Annotations:
D:5 Menkaure


Innate Abilities, Weirdness & Mutations

You have hooves in place of feet.
Armour fits poorly on your strangely shaped body.
You cover ground very quickly.
You have extremely tough skin. (AC +3)


Message History

This raw flesh tastes great.
Health restored: 60 You enter the shallow water.
Moving in this stuff is going to be slow.
You enter the shallow water.
Moving in this stuff is going to be slow.
d - 45 arrows (gained 14)
You enter the shallow water.
Moving in this stuff is going to be slow.
You enter the shallow water.
Moving in this stuff is going to be slow.
You see here a +0 whip.
You see here a +0 spear.
You enter the shallow water.
Moving in this stuff is going to be slow.
You open the door.
There is an open door here.
You open the door.
A crimson imp and Menkaure come into view.
Menkaure shouts!
The crimson imp shouts!
You aren't carrying any items that you can evoke.
Okay, then.
Unknown command.
You draw a card...
You have drawn Exile.
To return, you must find a gate leading back.
Killing monsters will force the Abyss to allow you passage.
This branch contains the abyssal rune of Zot.
The deck of cards glows with a rainbow of weird colours and disappears.
v - a wand of acid (8)
You are suddenly pulled into a different region of the Abyss!
A worldbinder comes into view.
The small abomination closely misses you.
Found a corrupted altar of Lugonu.
A large abomination comes into view.
The worldbinder calls forth creatures from the Snake Pit!
The worldbinder calls forth creatures from the Snake Pit!
The worldbinder calls forth creatures from the Snake Pit!
The worldbinder calls forth creatures from the Snake Pit!
A raiju comes into view.
The raiju barks!
You hear a bark! x2
As you read the scroll of teleportation, it crumbles to dust.
You feel strangely unstable.
You feel the power of the Abyss delaying your translocation!
The raiju bursts into living lightning!
The living lightning hits you! The living lightning misses you.
The raiju blinks! x3
You take 8 damage, and have 52/60 hp.
The raiju bites you. The raiju shocks you!
You take 9 damage, and have 43/60 hp.
Wield which item (- for none, * to show all)? (? for menu, Esc to quit)
Okay, then.
Unknown command.
The raiju bites you. The raiju shocks you!
You take 14 damage, and have 29/60 hp.
MASSIVE DAMAGE!!
Firing (i - inventory)
d - 45 arrows (quivered)
Aim: a raiju You shoot an arrow.
The arrow hits the raiju but does no damage.
Firing (i - inventory)
d - 44 arrows (quivered)
Aim: a raiju You shoot an arrow.
The arrow barely misses the raiju.
The raiju bites you but does no damage.
Firing (i - inventory)
d - 43 arrows (quivered)
Aim: a raiju You shoot an arrow.
The arrow hits the raiju.
The raiju bursts into living lightning!
The living lightning misses you. The living lightning hits you!
* * * LOW HITPOINT WARNING * * *
The raiju blinks!
You take 11 damage, and have 18/60 hp.
Firing (i - inventory)
d - 42 arrows (quivered)
Aim: a raiju (lightly wounded)
You shoot an arrow. The arrow misses the raiju.
The worldbinder calls forth creatures from the Snake Pit!
Firing (i - inventory)
d - 41 arrows (quivered)
Aim: a raiju (translocational energy, lightly wounded)
You shoot an arrow. The arrow closely misses the raiju.
The raiju bites you but does no damage.
Firing (i - inventory)
d - 40 arrows (quivered)
Aim: a raiju (translocational energy, lightly wounded)
You shoot an arrow. The arrow misses the raiju.
The arrow hits the worldbinder but does no damage.
The raiju bites you.
* * * LOW HITPOINT WARNING * * *
The raiju shocks you!
* * * LOW HITPOINT WARNING * * *
You take 11 damage, and have 7/60 hp.
Unknown command.
Firing (i - inventory)
d - 39 arrows (quivered)
Aim: a raiju (lightly wounded)
You shoot an arrow. The arrow hits the raiju.
Firing (i - inventory)
d - 38 arrows (quivered)
Aim: a raiju (lightly wounded)
You shoot an arrow. The arrow barely misses the raiju.
The arrow hits the worldbinder.
The raiju bites you.
* * * LOW HITPOINT WARNING * * *
The raiju shocks you!
You die...
Your body disappears without a glow.

#... .... .#
. #. . ## #
#..###. # #.
## #....#.
#. ##
##.....# #.§
## . . # #.#
#h§.# .##
####S#
§##..##.#
#@hx# ...#
## #
###.###h#.##
# # # # #. .
#. . . ###


You could see a mana viper, a worldbinder and a raiju.

Vanquished Creatures
  A hornet zombie (D:5)
  An ice beast (D:5)
  An ogre (D:5)
  2 bullfrog skeletons
  2 iguanas (D:4)
  An orc wizard (D:5)
  3 gnolls (D:5)
  8 adders
  2 worms (D:2)
  4 dart slugs
  5 leopard geckos
  6 orcs
  3 ball pythons
  5 giant cockroaches
  6 goblins
  12 hobgoblins
  4 jackals
  10 kobolds
  A quokka (D:4)
  7 bats
  3 frilled lizards
  7 rats
94 creatures vanquished.

Vanquished Creatures (collateral kills)
  Sigmund (D:5)
1 creature vanquished.

Grand Total: 95 creatures vanquished

Notes
Turn   | Place    | Note
-------+----------+-------------------------------------------
     0 | D:1      | mhoghedin the Centaur Hunter began the quest for the Orb.
     0 | D:1      | Reached XP level 1. HP: 17/17 MP: 1/1
   122 | D:1      | Reached XP level 2. HP: 25/25 MP: 2/2
   628 | D:1      | Reached skill level 6 in Bows
   633 | D:1      | Reached XP level 3. HP: 21/30 MP: 3/3
   801 | D:1      | Reached skill level 3 in Fighting
  1482 | D:2      | Reached XP level 4. HP: 21/38 MP: 4/4
  1920 | D:2      | You fall through a shaft!
  2080 | D:2      | Found a hide-covered altar of Uskayaw.
  2089 | D:2      | Noticed a +0 hand axe
  2089 | D:2      | Noticed a +0 hand axe
  2384 | D:3      | Reached skill level 7 in Bows
  2478 | D:3      | Reached XP level 5. HP: 30/46 MP: 5/5
  2518 | D:3      | Reached skill level 4 in Fighting
  3292 | D:3      | Found a deep blue altar of Sif Muna.
  3437 | D:3      | Found a radiant altar of Vehumet.
  3635 | D:4      | Found a basalt altar of Yredelemnul.
  3779 | D:4      | HP: 10/46 [iguana (7)]
  4218 | D:4      | Found a sparkling altar of Nemelex Xobeh.
  4256 | D:4      | Reached XP level 6. HP: 41/53 MP: 6/6
  4294 | D:4      | Became a worshipper of Nemelex Xobeh the Trickster
  4455 | D:4      | Found a stormy altar of Qazlal.
  4559 | D:5      | Entered Level 5 of the Dungeon
  4571 | D:5      | Noticed Sigmund
  4592 | D:5      | HP: 11/53 [something (6)]
  4598 | D:5      | HP: 8/53 [something/magic dart (4)]
  5006 | D:5      | Received a gift from Nemelex Xobeh
  5040 | D:5      | Found a staircase to the Ecumenical Temple.
  5065 | D:5      | Reached skill level 8 in Bows
  5065 | D:5      | Reached skill level 1 in Invocations
  5119 | D:5      | Found a blossoming altar of Fedhas.
  5263 | D:5      | Noticed an ice beast
  5267 | D:5      | Killed an ice beast
  5267 | D:5      | Reached skill level 2 in Invocations
  5267 | D:5      | Reached XP level 7. HP: 60/60 MP: 8/8
  5348 | D:5      | Reached skill level 9 in Bows
  5348 | D:5      | Reached skill level 3 in Invocations
  5507 | D:5      | Killed Sigmund
  5789 | D:5      | Noticed Menkaure
  5792 | D:5      | Cast into level 1 of the Abyss (drawing a card)
  5810 | Abyss:1  | Reached * piety under Nemelex Xobeh
  5851 | Abyss:1  | Noticed a worldbinder
  5859 | Abyss:1  | Found a corrupted altar of Lugonu.
  5860 | Abyss:1  | Noticed a large abomination
  5900 | Abyss:1  | Noticed a mana viper
  5949 | Abyss:1  | Noticed a raiju
  5949 | Abyss:1  | Noticed a raiju
  5966 | Abyss:1  | Noticed a mana viper
  5966 | Abyss:1  | HP: 7/60 [raiju (9)]
  5968 | Abyss:1  | Slain by a raiju

Levels and vault maps discovered:
D:1:      co_arrival_random_square_maze, layout_basic
D:2:      layout_loops_ring, dancing_weapons_uskayaw
D:3:      layout_basic, overflow_temple_1_default, minmay_misc_feat_room,
          lemuel_blue_sif_altar
D:4:      layout_cave_pools, nicolae_qazlal_general_emergency,
          yredelemnul_altar_generic, first_ration, minmay_misc_feat_hallway,
          nemelex_lonely_heart_becter
D:5:      wander_river, layout_loops_cross, minmay_temple_entry_steel_oval,
          serial_rivers, chequers_serial_rivers_micro_d,
          chequers_serial_rivers_room_a, chequers_serial_rivers_small_3,
          chequers_serial_rivers_large_b, chequers_serial_rivers_micro_d,
          kennysheep_minor_cross, minmay_misc_feat_alley, fedhas_ov_isle_minmay,
          uniq_menkaure, uniq_sigmund
Abyss:1

Skill      XL: |  1  2  3  4  5  6  7 |
---------------+----------------------+-----
Bows           | 6 7 8 9 |  9.2
Fighting       | 3 4 |  4.8
Invocations    | 2 3 |  3.6
Dodging        | |  1.3
Stealth        | |  0.4

Action                   |  1- 3 |  4- 6 |  7- 9 || total
-------------------------+-------+-------+-------++-------
Melee: Short sword       |    87 |     7 |       ||    94
       Kick              |    24 |     2 |       ||    26
 Fire: Shortbow          |    34 |   242 |    23 ||   299
 Abil: Draw Destruction  |       |     1 |     5 ||     6
       Draw Escape       |       |       |     2 ||     2
       Draw Summoning    |       |       |     2 ||     2
  Use: Scroll            |     1 |    13 |     1 ||    15
       Potion            |       |     1 |       ||     1
  Eat: Chunk             |     1 |     5 |     3 ||     9
       Ration            |       |     2 |       ||     2
Armor: Leather armour    |    33 |    31 |     5 ||    69
Dodge: Dodged            |    45 |    41 |     5 ||    91

Table legend:
 A = Non-vault XP
 B = Vault XP
 C = Vault XP percentage of total XP
 D = Non-vault monster count
 E = Vault monster count
 F = Vault count percentage of total count
                 A         B        C        D         E       F
            +---------+---------+-------+---------+---------+-------
      Total |     871 |     119 |  12.0 |      94 |       1 |   1.1
            +---------+---------+-------+---------+---------+-------
        D:1 |      56 |       0 |   0.0 |      29 |       0 |   0.0
        D:2 |     115 |       0 |   0.0 |      22 |       0 |   0.0
        D:3 |      89 |       0 |   0.0 |      20 |       0 |   0.0
        D:4 |     145 |       0 |   0.0 |      10 |       0 |   0.0
        D:5 |     466 |     119 |  20.3 |      13 |       1 |   7.1
            +---------+---------+-------+---------+---------+-------

Levels and vault maps discovered:
D:1:      co_arrival_random_square_maze, layout_basic
D:2:      layout_loops_ring, dancing_weapons_uskayaw
D:3:      layout_basic, overflow_temple_1_default, minmay_misc_feat_room,
          lemuel_blue_sif_altar
D:4:      layout_cave_pools, nicolae_qazlal_general_emergency,
          yredelemnul_altar_generic, first_ration, minmay_misc_feat_hallway,
          nemelex_lonely_heart_becter
D:5:      wander_river, layout_loops_cross, minmay_temple_entry_steel_oval,
          serial_rivers, chequers_serial_rivers_micro_d,
          chequers_serial_rivers_room_a, chequers_serial_rivers_small_3,
          chequers_serial_rivers_large_b, chequers_serial_rivers_micro_d,
          kennysheep_minor_cross, minmay_misc_feat_alley, fedhas_ov_isle_minmay,
          uniq_menkaure, uniq_sigmund
Abyss:1

Table legend:
 A = Turns spent in this place as a percentage of turns spent in the entire game.
 B = Non-inter-level travel turns spent in this place as a percentage of non-inter-level travel turns spent in the entire game.
 C = Inter-level travel turns spent in this place as a percentage of turns spent in this place.
 D = Turns resting spent in this place as a percentage of non-inter-level travel turns spent in this place.
 E = Turns spent auto-exploring this place as a percentage of non-inter-level travel turns spent in this place.
 F = Non-inter-level travel turns spent in this place divided by the number of levels of this place that you've seen.
                   A       B       C       D       E      F
               +-------+-------+-------+-------+-------+----------------------
         Total | 100.0 | 100.0 |   1.7 |  24.8 |  58.1 | 977.5
       Dungeon |  97.1 |  97.0 |   1.8 |  25.6 |  59.9 | 1137.8
         Abyss |   2.9 |   3.0 |   0.0 |   0.0 |   0.0 | 176.0
               +-------+-------+-------+-------+-------+----------------------

Table legend:
 A = Kills in this place as a percentage of kills in entire the game.
 B = Kills by you in this place as a percentage of kills by you in the entire game.
 C = Kills by friends in this place as a percentage of kills by friends in the entire game.
 D = Other kills in this place as a percentage of other kills in the entire game.
 E = Experience gained in this place as a percentage of experience gained in the entire game.
 F = Experience gained in this place divided by the number of levels of this place that you have seen.
                   A       B       C       D       E      F
               +-------+-------+-------+-------+-------+----------------------
         Total | 100.0 | 100.0 | 100.0 |   N/A | 100.0 | 165.0
       Dungeon | 100.0 | 100.0 | 100.0 |   N/A | 100.0 | 198.0
               +-------+-------+-------+-------+-------+----------------------
